Map: Ruines d’Endion

Players

Tatagoras

  • Race: Terran Terran
  • League: Gold
  • Spawn Location: 5:00

zidar - Winner!

  • Race: Zerg Zerg
  • League: Gold
  • Spawn Location: 7:00

VOD

Have the link to the VOD?

Description

Time

  • Played on: June 18, 2016, 11:15 a.m.
  • Length: 21:54
Show
View Real Time Build Order
Export as new Build Order

Tatagoras Terran 

Build Orders:  

Get SALT Encoding   

  12  0:01  SCV  
  13  0:13  SCV  
  14  0:19  Supply Depot  
  14  0:25  SCV  
  15  0:32  Refinery  
  15  0:40  SCV  
  16  0:46  Barracks  
  16  0:53  SCV  
  17  1:05  SCV  
  18  1:16  Barracks  
  18  1:17  SCV  
  19  1:37  Supply Depot  
  19  1:38  SCV  
  21  1:44  Marine  
  21  1:45  Factory  
  21  1:56  SCV  
  22  2:13  Barracks Tech Lab  
  22  2:16  Marine  
  22  2:18  SCV  
  22  2:21  Supply Depot  
  24  2:32  Factory Reactor  
  24  2:34  Marauder  
  26  2:41  Marine  
  26  2:44  Concussive Shells  
  27  2:46  Orbital Command  
  27  2:49  Supply Depot  
  27  2:56  Marauder  
  29  2:58  Marine  
  30  3:10  Hellion x2  
  34  3:16  Marine  
  34  3:17  Marauder  
  34  3:18  SCV  
  38  3:28  Armory  
  38  3:31  Hellion  
  42  3:34  Hellion  
  42  3:42  Refinery  
  42  3:43  Marauder  
  42  3:48  Marine  
  45  4:01  Hellion  
  47  4:08  Supply Depot  
  47  4:30  Marauder, Hellion  
  44  5:01  Marine  
  44  5:02  Marauder  
  44  5:03  Hellion x2  
  34  5:26  Marine, Marauder, Command Center  
  41  5:29  Bunker  
  41  5:32  Widow Mine  
  41  5:33  Widow Mine  
  41  5:41  Engineering Bay  
  41  5:44  Marine  
  41  5:45  Starport  
  41  5:48  Marauder  
  41  5:49  SCV  
  45  6:01  SCV  
  47  6:04  Supply Depot  
  47  6:09  Stimpack  
  47  6:14  SCV  
  51  6:25  Widow Mine x2  
  51  6:45  Orbital Command  
  51  6:53  Starport Reactor  
  51  6:59  Starport  
  51  7:00  Liberator  
  51  7:01  Terran Infantry Weapons Level 1  
  51  7:02  Marine  
  52  7:19  Marine  
  52  7:21  SCV  
  52  7:22  SCV  
  58  7:30  Refinery  
  58  7:31  Marine  
  58  7:33  Refinery  
  58  7:34  SCV  
  60  7:37  Missile Turret  
  60  7:41  Starport Tech Lab  
  60  7:44  Missile Turret  
  60  7:45  Marine  
  60  7:50  Marauder  
  63  7:58  SCV  
  63  7:59  SCV  
  65  8:10  Combat Shield  
  65  8:11  Terran Vehicle And Ship Armor Level 1  
  65  8:14  Viking  
  67  8:34  SCV x2  
  69  8:35  Marine, Marauder  
  69  8:37  Factory Tech Lab  
  69  8:38  Medivac  
  74  8:46  SCV x2  
  76  8:52  Marine  
  77  8:58  SCV  
  77  9:01  Missile Turret  
  78  9:03  Supply Depot  
  78  9:04  Supply Depot  
  78  9:06  Missile Turret  
  78  9:10  Missile Turret  
  78  9:16  Marine, Marauder  
  78  9:21  Missile Turret  
  78  9:25  SCV x2, Siege Tank  
  83  9:33  Marine  
  83  9:34  Missile Turret  
  83  9:37  SCV x2  
  83  9:38  Marauder, Missile Turret  
  88  9:40  Hi-Sec Auto Tracking  
  88  9:41  Explosive Shrapnel Shells  
  88  9:49  SCV  
  88  9:50  Supply Depot  
  88  9:51  Marine  
  88  9:52  SCV  
  91  9:58  Marine  
  92  10:02  SCV  
  93  10:09  Marine  
  93  10:12  Viking, SCV, Medivac  
  93  10:13  Supply Depot  
  99  10:21  Marauder  
  101  10:27  Marine  
  102  10:31  Missile Turret  
  102  10:34  Thor  
  108  10:42  Marauder  
  110  10:47  Supply Depot  
  110  10:55  Supply Depot  
  110  11:00  Supply Depot  
  110  11:07  Command Center  
  110  11:08  Marine  
  110  11:09  Marauder  
  113  11:26  Marine, Thor  
  113  11:30  Marauder  
  122  11:32  Liberator  
  122  11:44  Marine  
  121  11:48  Supply Depot  
  121  11:50  Medivac  
  121  11:51  Marine  
  127  11:59  Missile Turret  
  127  12:02  Marine  
  128  12:09  Marine, Missile Turret, Terran Infantry Armor Level 1  
  128  12:13  Terran Vehicle Weapons Level 1  
  129  12:18  Supply Depot  
  129  12:19  Marine  
  130  12:27  Marine  
  131  12:30  Missile Turret  
  131  12:39  Sensor Tower  
  131  12:43  Marine  
  131  12:44  Supply Depot  
  132  12:45  Marauder, Siege Tank  
  132  12:47  Viking, Medivac  
  141  13:01  Marine  
  142  13:06  Marauder  
  144  13:19  Marine  
  145  13:28  Marauder  
  147  13:36  Marine  
  128  13:49  Marauder, Viking, Medivac  
  128  13:54  Marine  
  128  13:55  Barracks  
  135  13:59  Fusion Core  
  135  14:04  Planetary Fortress  
  135  14:08  Missile Turret x2  
  135  14:11  Marauder, Medivac  
  135  14:12  Marine  
  142  14:20  Terran Infantry Weapons Level 2  
  142  14:21  Widow Mine  
  142  14:24  Armory  
  142  14:28  Engineering Bay  
  142  14:29  Terran Ship Weapons Level 1  
  142  14:30  Marine  
  143  14:35  Marine  
  144  14:48  Marine  
  144  14:49  Widow Mine  
  145  14:53  Marauder  
  145  14:56  Terran Infantry Armor Level 2  
  147  15:01  Barracks Reactor  
  147  15:04  Missile Turret  
  147  15:05  Missile Turret  
  147  15:06  Battlecruiser  
  153  15:15  Marauder  
  153  15:16  SCV  
  153  15:18  Starport  
  153  15:19  Refinery  
  156  15:24  Refinery  
  156  15:31  Marine  
  157  15:36  Marauder  
  159  15:49  Marine, Missile Turret  
  160  15:57  Starport Tech Lab  
  160  15:58  Marauder  
  162  16:10  Starport  
  162  16:11  Battlecruiser  
  168  16:34  Command Center  
  168  16:37  Marine x3, Marauder  
  171  16:47  Missile Turret  
  171  16:54  Marine  
  172  17:07  Supply Depot x2  
  172  17:10  Starport Tech Lab  
  172  17:13  Missile Turret  
  172  17:28  Battlecruiser  
  172  17:29  Marauder, Battlecruiser  
  186  17:48  Planetary Fortress  
  186  17:50  Marauder  
  188  18:07  Missile Turret  
  188  18:08  Marine x3  
  188  18:11  Marauder  
  193  18:21  Terran Vehicle And Ship Armor Level 2  
  193  18:24  Terran Infantry Armor Level 3  
  193  18:25  Marine x2  
  195  18:33  Marauder  
  197  18:39  Marine  
  198  18:43  Marine  
  198  18:44  Terran Infantry Weapons Level 3  
  199  19:02  Marine  
  192  19:55  Missile Turret x2  
  192  19:57  Missile Turret  
  192  20:09  Battlecruiser  
  149  20:25  Marine x2  
  149  20:26  Marine, Marauder  
  149  20:27  Thor  
  105  20:28  Battlecruiser  
  85  20:36  Viking  
  83  20:43  Marine x3  
  83  20:45  Refinery  
  83  20:47  Marauder  
  83  20:48  Refinery  
  72  21:01  Marine x3  
  72  21:03  Viking x2  
  71  21:06  Viking  
  71  21:09  Marauder  
  65  21:25  Marine  
  65  21:26  Marine  
  68  21:35  Barracks  
  68  21:36  Barracks  
  54  21:45  Command Center  
Show
View Real Time Build Order
Export as new Build Order

zidar Zerg - Winner!

Build Orders: Hatch First, Zergling Baneling 

Get SALT Encoding   

  12  0:02  Drone  
  13  0:14  Overlord  
  13  0:27  Drone  
  14  0:32  Extractor  
  14  0:34  Drone  
  14  0:35  Extractor, Drone  
  16  1:03  Hatchery, Drone  
  16  1:04  Drone x2  
  18  1:18  Spawning Pool  
  17  1:26  Extractor  
  17  1:27  Drone  
  17  1:42  Drone  
  18  1:52  Drone  
  19  2:01  Overlord x2  
  19  2:05  Queen  
  21  2:14  Zergling x2  
  22  2:19  Queen  
  24  2:24  Zergling x4  
  24  2:26  Metabolic Boost  
  25  2:32  Drone  
  25  2:33  Drone  
  27  2:49  Baneling Nest  
  27  2:51  Drone x3  
  29  3:00  Drone  
  29  3:01  Drone  
  31  3:10  Drone x2  
  31  3:11  Extractor  
  32  3:24  Zergling x8  
  35  3:36  Drone x5  
  40  3:47  Overlord x2  
  40  3:52  Lair  
  40  3:54  Baneling x2  
  40  3:55  Baneling  
  40  3:57  Baneling  
  40  4:15  Zergling x16  
  48  4:17  Zergling x2  
  40  4:53  Zergling x22  
  40  4:56  Baneling x7  
  40  5:27  Drone x7  
  47  5:33  Centrifical Hooks  
  47  5:37  Zergling x2  
  47  5:39  Baneling x6  
  48  5:43  Zergling x2  
  48  5:47  Zergling x2  
  50  5:50  Queen  
  52  6:02  Overlord x3  
  52  6:22  Zergling x10  
  57  6:26  Pneumatized Carapace  
  57  6:42  Zergling x2  
  57  6:43  Zergling x10  
  63  6:47  Baneling  
  63  6:48  Baneling x2  
  63  6:54  Spire  
  62  7:05  Drone  
  62  7:06  Drone  
  64  7:08  Extractor  
  64  7:13  Extractor  
  62  7:23  Hatchery  
  61  7:49  Evolution Chamber  
  60  7:52  Evolution Chamber  
  60  7:54  Drone x6  
  60  7:56  Drone x3  
  68  8:01  Overlord x3  
  68  8:23  Drone  
  61  8:37  Corruptor x3  
  61  8:38  Corruptor x2  
  61  8:39  Corruptor  
  71  8:54  Queen, Spore Crawler  
  68  9:08  Queen  
  67  9:18  Zergling x2  
  67  9:19  Zergling x10  
  67  9:21  Hatchery  
  72  9:25  Drone x4  
  76  9:34  Drone x3  
  79  9:39  Baneling  
  79  9:40  Baneling x7  
  79  9:43  Zerg Melee Weapons Level 1  
  79  9:44  Zerg Ground Armor Level 1  
  79  9:47  Drone  
  80  10:11  Drone x2  
  80  10:12  Drone x8  
  90  10:34  Drone x8  
  98  10:44  Extractor  
  98  10:48  Extractor  
  96  10:51  Zerg Flyer Weapons Level 1  
  96  11:27  Overseer  
  96  12:01  Drone x5  
  96  12:02  Drone x3  
  96  12:05  Overlord x7  
  104  12:11  Zerg Ground Armor Level 2, Zerg Melee Weapons Level 2  
  104  12:20  Baneling  
  104  12:21  Baneling x2  
  104  12:27  Spire  
  103  12:34  Infestation Pit  
  103  12:37  Drone x3  
  105  12:45  Zerg Flyer Weapons Level 2  
  105  12:53  Corruptor x3  
  105  12:54  Corruptor x4  
  119  13:16  Hive  
  113  13:54  Zerg Flyer Armor Level 1  
  113  14:01  Drone x7  
  113  14:02  Drone x2  
  121  14:29  Overseer  
  121  14:40  Drone x4  
  121  14:41  Drone x2  
  127  14:48  Zerg Melee Weapons Level 3, Zerg Ground Armor Level 3  
  127  15:02  Greater Spire  
  127  15:10  Corruptor  
  127  15:11  Corruptor x4  
  127  15:12  Corruptor x3  
  127  15:13  Corruptor  
  127  15:14  Zergling x12  
  146  15:17  Overlord  
  146  15:18  Overlord x4  
  146  15:19  Overlord  
  151  15:30  Adrenal Glands  
  151  15:39  Extractor  
  150  15:43  Extractor  
  149  15:51  Zerg Flyer Armor Level 2  
  149  16:28  Hatchery  
  144  16:46  Drone  
  145  16:47  Drone x3  
  145  16:48  Drone x2  
  150  16:55  Brood Lord x2  
  150  16:56  Brood Lord x5  
  150  16:57  Brood Lord x3  
  170  17:27  Drone x2  
  172  17:36  Overlord  
  172  17:42  Corruptor x2  
  172  17:43  Corruptor x4  
  172  17:44  Corruptor x2  
  182  17:45  Corruptor  
  182  17:46  Zergling x14  
  197  17:54  Overlord  
  197  18:17  Zerg Flyer Armor Level 3  
  197  18:18  Zerg Flyer Weapons Level 3  
  197  18:54  Overlord x3, Extractor x2  
  195  19:06  Hatchery  
  194  20:01  Zergling x10  
  162  20:36  Zergling x28  
  162  20:37  Zergling x44  
Tags
 
Add a new tag
Caveats
  • Supply blocks, unpowered buildings, or Contaminate may cause inaccurate times.
  • Supply counts are checked every 10 seconds.